 Dungeon Crawl Stone Soup version 0.20-a0-11-ga97c7b5 (webtiles) character file.

9893 tsouns the Slicer (level 11, -7/72 HPs)
             Began as a Kobold Hunter on Nov 2, 2016.
             Was a High Priest of Trog.
             Engulfed by a cloud of freezing vapour (16 damage)
             ... on level 11 of the Dungeon.
             The game lasted 00:54:45 (13044 turns).

tsouns the Slicer (Kobold Hunter)                  Turns: 13044, Time: 00:54:46

Health: -7/72      AC: 10    Str: 13    XL:     11   Next: 82%
Magic:  14/14      EV: 19    Int: 12    God:    Trog [*****.]
Gold:   255        SH:  5    Dex: 16    Spells: 2 memorised, 8 levels left

rFire  . . .     SeeInvis .     V - +1 short sword (freeze)
rCold  . . .     Gourm    .     z - +0 troll leather armour
rNeg   . . .     Faith    .     X - +1 buckler {reflect}
rPois  .         Spirit   .     v - +0 hat
rElec  .         Reflect  +     E - +2 cloak
rCorr  .         Harm     .     (no gloves)
MR     .....                    n - +2 pair of boots
Stlth  ++++......               (no amulet)
                                (no ring)
                                (no ring)

@: no status effects
A: carnivore 3, wild magic 1
a: Berserk, Trog's Hand, Brothers in Arms, Burn Spellbooks, Renounce Religion


You were on level 11 of the Dungeon.
You worshipped Trog.
Trog was extremely pleased with you.
You were very full.

You visited 1 branch of the dungeon, and saw 11 of its levels.

You collected 482 gold pieces.
You spent 227 gold pieces at shops.

Inventory:

Hand Weapons
 a - a +2 hand crossbow
 V - a +1 short sword of freezing (weapon)
Missiles
 d - 47 bolts
 e - 548 stones
 w - 8 tomahawks (quivered)
 Q - 8 poisoned needles
Armour
 n - a +2 pair of boots (worn)
 v - a +0 hat (worn)
 z - a +0 troll leather armour (worn)
 E - a +2 cloak (worn)
 T - +0 steam dragon scales
 X - a +1 buckler of reflection (worn)
Wands
 o - a wand of teleportation (2/9)
 q - a wand of lightning (1/15)
 x - a wand of flame (0/48)
 y - a wand of lightning (1/15)
 F - a wand of paralysis (9/24)
 I - a wand of iceblast (6/15)
 M - a wand of iceblast (6/15)
 W - a wand of flame (17/48)
Scrolls
 b - 3 scrolls of remove curse
 i - a scroll of fear
 m - a scroll of blinking
 B - a scroll of recharging
 D - 3 scrolls of enchant weapon
 R - a scroll of holy word
 S - 3 scrolls of teleportation
Potions
 g - 2 potions of cancellation
 h - a potion of cure mutation
 j - 2 potions of haste
 k - a potion of ambrosia
 l - a potion of curing
 t - 3 potions of brilliance
 J - 4 potions of might {unknown}
 K - a potion of magic {unknown}
Books
 C - a book of Changes

   Spells                             Type                      Level
   a - Beastly Appendage              Transmutation                1
   b - Sticks to Snakes               Transmutation                2
   c - Spider Form                    Transmutation/Poison         3
   d - Ice Form                       Ice/Transmutation            4
   e - Blade Hands                    Transmutation                5
   Trog disapproves of the use of such an item.
 G - a book of Flames

   Spells                             Type                      Level
   a - Flame Tongue                   Conjuration/Fire             1
   b - Throw Flame                    Conjuration/Fire             2
   c - Conjure Flame                  Conjuration/Fire             3
   d - Inner Flame                    Hexes/Fire                   3
   e - Sticky Flame                   Conjuration/Fire             4
   f - Fireball                       Conjuration/Fire             5
   Trog disapproves of the use of such an item.
 U - a book of Flames

   Spells                             Type                      Level
   a - Flame Tongue                   Conjuration/Fire             1
   b - Throw Flame                    Conjuration/Fire             2
   c - Conjure Flame                  Conjuration/Fire             3
   d - Inner Flame                    Hexes/Fire                   3
   e - Sticky Flame                   Conjuration/Fire             4
   f - Fireball                       Conjuration/Fire             5
   Trog disapproves of the use of such an item.
Miscellaneous
 O - a lamp of fire
Comestibles
 f - 5 meat rations
 u - a slice of pizza
 L - 8 royal jellies
 N - a beef jerky


   Skills:
 - Level 10.0 Fighting
 + Level 10.3 Short Blades
 - Level 10.0 Crossbows
 + Level 2.6 Armour
 + Level 7.9 Dodging
 - Level 10.0 Stealth
 + Level 5.2 Evocations


You had 8 spell levels left.
You knew the following spells:

 Your Spells              Type           Power        Failure   Level  Hunger
a - Apportation           Tloc           #.........   80%         1    ##.....
b - Animate Skeleton      Necr           N/A          80%         1    ##.....


Dungeon Overview and Level Annotations

Branches:
Dungeon (11/15)            Temple (0/1) D:6            Lair (0/6) D:11
    Orc (0/2) D:11

Altars:
Ashenzari
Makhleb
Okawaru
Trog
Vehumet
Yredelemnul
Zin
The Shining One

Shops:
D:9 :[((?

Portals:
Bazaar: D:11


Innate Abilities, Weirdness & Mutations

You are small and have problems with some larger weapons.
You are carnivorous and can eat meat at any time.
Your spells are a little harder to cast, but a little more powerful.


Message History

You start resting.
Your magical contamination has completely faded away.
Evoke which item? (* to show all) (? for menu, Esc to quit)
Okay, then.
You start resting.
You hear the stately tolling of a bell.
You start resting.
HP restored.
Really walk into a travel-excluded area?
You hear the stately tolling of a bell.
You are engulfed in freezing vapours.
You enter the shallow water.
Moving in this stuff is going to be slow.
You are engulfed in freezing vapours.
You are engulfed in freezing vapours.
* * * LOW HITPOINT WARNING * * *
There is a flickering gateway to a bazaar here.
Unknown command.
You are engulfed in freezing vapours.
You die...

*,,,,,,***,,*
#...#
*,,,,,,,,,,,*
#...#
*,,**,,***#,*
#...####
*,,**,,*
#.###...!..#
*,,**,,*
#.....§....#
*,,**,,*
#....§.#####
**,**,,*
#$###§≈##
*,**,,*
#,*##§§§##
*,**,,*
*,*#§§@§§#
*,**,,*
*,*##§§§##
*,**,,* *,*
##§§#
**,**,,*
*,***#§§#
,,,,,,,*
*,,,,..##
********
*****###


There were no monsters in sight!

Vanquished Creatures
  2 tengu warriors (D:10)
  Psyche (D:9)
  A troll (D:9)
  2 two-headed ogres (D:10)
  A hippogriff (D:10)
  Sigmund (D:5)
  Eustachio (D:4)
  9 yaks (D:9)
  A wyvern (D:10)
  A steam dragon (D:9)
  Grum (D:10)
  An ice beast (D:5)
  2 orc warriors
  5 sky beasts
  A phantom (D:8)
  5 ogres
  4 wolves (D:10)
  4 centaurs
  3 big kobolds
  6 bullfrogs
  2 wyvern zombies (D:10)
  A wyvern skeleton (D:5)
  A water moccasin zombie (D:8)
  3 scorpions
  19 killer bees
  4 wights (D:5)
  2 howler monkeys
  5 crimson imps
  3 centaur zombies
  4 jellies
  2 orc priests
  6 hounds
  5 orc wizards
  2 centaur skeletons
  Ijyb (D:2)
  3 iguanas
  3 worker ants
  2 hound zombies
  A howler monkey skeleton (D:4)
  4 gnolls (D:7)
  9 adders
  A worker ant zombie (D:7)
  5 shadow imps
  3 oozes
  An adder skeleton (D:7)
  3 adder zombies
  4 worms
  3 dart slugs
  4 leopard geckos
  27 orcs
  3 ball pythons (D:4)
  7 bats
  9 giant cockroaches
  9 goblins
  7 hobgoblins
  13 jackals
  5 quokkas
  5 frilled lizards
  A jackal skeleton (D:5)
  21 kobolds
  A leopard gecko skeleton (D:6)
  8 rats
274 creatures vanquished.

Vanquished Creatures (others)
  A worker ant (D:11)
  2 plants (D:11)
3 creatures vanquished.

Grand Total: 277 creatures vanquished

Notes
Turn   | Place    | Note
-------+----------+-------------------------------------------
     0 | D:1      | tsouns the Kobold Hunter began the quest for the Orb.
     0 | D:1      | Reached XP level 1. HP: 12/12 MP: 1/1
    72 | D:1      | Reached XP level 2. HP: 18/18 MP: 2/2
    74 | D:1      | Reached skill level 5 in Crossbows
   597 | D:1      | Reached XP level 3. HP: 22/22 MP: 3/3
   616 | D:1      | Reached skill level 1 in Short Blades
   878 | D:2      | Learned a level 1 spell: Apportation
   880 | D:2      | Learned a level 1 spell: Animate Skeleton
  1145 | D:2      | Reached XP level 4. HP: 23/27 MP: 4/4
  1207 | D:2      | Noticed Ijyb
  1213 | D:2      | Killed Ijyb
  1873 | D:2      | Reached XP level 5. HP: 31/32 MP: 5/5
  2556 | D:3      | Found a bloodstained altar of Trog.
  2580 | D:3      | Became a worshipper of Trog the Wrathful
  3411 | D:4      | Noticed an orc warrior
  3597 | D:4      | Reached XP level 6. HP: 21/37 MP: 6/6
  3761 | D:4      | Found a glowing silver altar of Zin.
  3825 | D:4      | Got an encrusted whip
  3827 | D:4      | Identified the cursed +1 whip of Doddon {vamp, Str+2 Dex+5} (You found it on level 4 of the Dungeon)
  4096 | D:4      | Noticed Eustachio
  4132 | D:4      | Killed Eustachio
  4232 | D:4      | Reached XP level 7. HP: 35/42 MP: 7/7
  4633 | D:4      | Reached * piety under Trog
  4670 | D:4      | Reached skill level 5 in Stealth
  5066 | D:5      | Entered Level 5 of the Dungeon
  5255 | D:5      | Reached skill level 5 in Dodging
  5533 | D:5      | Reached XP level 8. HP: 48/48 MP: 8/8
  5650 | D:5      | Reached skill level 5 in Fighting
  5735 | D:5      | Noticed Sigmund
  5770 | D:5      | Reached ** piety under Trog
  6023 | D:5      | Killed Sigmund
  6158 | D:5      | Reached XP level 9. HP: 39/55 MP: 9/9
  6358 | D:5      | Found an iron altar of Okawaru.
  6502 | D:5      | Found a radiant altar of Vehumet.
  6503 | D:5      | Found a burning altar of Makhleb.
  7387 | D:6      | Found a glowing golden altar of the Shining One.
  7392 | D:6      | Found a basalt altar of Yredelemnul.
  7394 | D:6      | Noticed a profane servitor
  7402 | D:6      | Noticed an angel
  7584 | D:6      | Found a shattered altar of Ashenzari.
  7687 | D:6      | Found a staircase to the Ecumenical Temple.
  8097 | D:7      | Reached skill level 5 in Short Blades
  8534 | D:8      | Noticed a queen bee
  9091 | D:8      | Reached XP level 10. HP: 12/64 MP: 10/10
  9428 | D:8      | Reached *** piety under Trog
 10243 | D:9      | Noticed Psyche
 10253 | D:9      | Killed Psyche
 10733 | D:9      | Reached skill level 1 in Evocations
 10737 | D:9      | Found Mesoziur's Book Boutique.
 10824 | D:9      | Found Pase's Antique Weapon Shoppe.
 10911 | D:9      | Found Oduo's Magic Scroll Boutique.
 10923 | D:9      | Bought a scroll of holy word for 97 gold pieces
 10923 | D:9      | Bought a scroll of teleportation for 39 gold pieces
 10923 | D:9      | Bought a scroll of identify for 26 gold pieces
 10923 | D:9      | Bought a scroll of teleportation for 39 gold pieces
 10923 | D:9      | Bought a scroll of identify for 26 gold pieces
 10978 | D:9      | Found Foceh's Antique Armour Emporium.
 10999 | D:9      | Reached XP level 11. HP: 38/71 MP: 12/12
 11278 | D:9      | Found Sodydoox's Weapon Shoppe.
 11291 | D:9      | Reached **** piety under Trog
 11317 | D:9      | Reached skill level 10 in Crossbows
 11477 | D:10     | Entered Level 10 of the Dungeon
 11935 | D:10     | Reached skill level 1 in Armour
 11978 | D:10     | Noticed Grum
 11986 | D:10     | Received a gift from Trog
 12002 | D:10     | Killed Grum
 12485 | D:10     | Gained mutation: Your spells are a little harder to cast, but a little more powerful. [potion of beneficial mutation]
 12554 | D:10     | Reached skill level 10 in Fighting
 12554 | D:10     | Reached skill level 10 in Stealth
 12584 | D:10     | Reached ***** piety under Trog
 12631 | D:10     | Received a gift from Trog
 12661 | D:10     | Noticed a tengu warrior
 12663 | D:10     | Noticed a tengu warrior
 12687 | D:10     | Killed a tengu warrior
 12687 | D:10     | Reached skill level 10 in Short Blades
 12702 | D:10     | Killed a tengu warrior
 12702 | D:10     | Reached skill level 5 in Evocations
 12892 | D:11     | Found a flickering gateway to a bazaar.
 12919 | D:11     | HP: 1/72 [electric eel/bolt of electricity (8)]
 13044 | D:11     | Engulfed by a cloud of freezing vapour

Vault maps used:
D:1:      erik_arrival_gehennom
D:2:      first_bread, serial_forest, infiniplex_forest_lined_room_2,
          infiniplex_forest_3_way, infiniplex_forest_clump_small,
          infiniplex_forest_clump_tiny, infiniplex_forest_clump_diagonal,
          st_stairs_10, kennysheep_boxes, uniq_iyjb
D:3:      bloody_trog
D:4:      lemuel_crystal_altar, nrook_loot_triangle, uniq_eustachio
D:5:      grunt_temple_overflow_lords_of_destruction, okawaru_trees_1,
          uniq_sigmund
D:6:      grunt_temple_overflow_holy_war, evilmike_ruin_ashenzari
D:8:      david_nohive_1
D:9:      serial_shops, nicolae_shop_behind_doors, shop, kennysheep_mini_moat,
          shop, nicolae_shop_statue_plus, serial_bayou_crossing, uniq_psyche
D:10:     uniq_grum
D:11:     erik_lair_dragon, david_orc_5, serial_shops, freezing_bzr,
          serial_bayou, serial_bayou_pond_a, serial_bayou_shore_a,
          serial_bayou_pond_d, serial_bayou_pond_d, serial_bayou_pond_a,
          serial_bayou_pond_e, uniq_erica

Skill      XL: |  1  2  3  4  5  6  7  8  9 10 11 |
---------------+----------------------------------+-----
Crossbows      | 5 6 7 9 10 | 10.0
Short Blades   | 1 2 3 6 8 10 | 10.3
Stealth        | 2 3 4 6 8 9 10 | 10.0
Dodging        | 3 4 5 7 |  7.9
Fighting       | 3 4 6 7 9 10 | 10.0
Evocations     | 2 5 |  5.2
Armour         | 2 |  2.6

Action                   |  1- 3 |  4- 6 |  7- 9 | 10-12 || total
-------------------------+-------+-------+-------+-------++-------
Melee: Short sword       |    78 |     9 |       |   252 ||   339
       Rapier            |       |   102 |       |       ||   102
       Dagger            |       |    54 |   226 |   471 ||   751
       Whip              |       |    49 |   305 |       ||   354
       Hand crossbow     |       |       |       |     1 ||     1
 Fire: Hand crossbow     |    17 |    15 |    89 |    35 ||   156
Throw: Tomahawk          |       |       |    11 |     9 ||    20
       Stone             |       |       |     2 |       ||     2
Invok: Berserk           |       |       |    10 |     7 ||    17
       Trog's Hand       |       |       |     1 |       ||     1
       Burn Spellbooks   |       |       |       |     2 ||     2
Evoke: Wand              |       |     2 |     9 |     5 ||    16
  Use: Scroll            |     3 |     7 |    10 |     9 ||    29
       Potion            |       |       |     2 |     1 ||     3
 Stab: Sleeping          |     2 |     2 |     8 |    11 ||    23
       Distracted        |       |     1 |     1 |     2 ||     4
       Paralysed         |       |       |       |     1 ||     1
  Eat: Chunk             |     9 |    11 |    28 |    20 ||    68
Armor: Leather armour    |     8 |    12 |    71 |    37 ||   128
       Robe              |    13 |    13 |       |       ||    26
       Troll leather arm |       |       |       |    83 ||    83
       Steam dragon scal |       |       |       |     3 ||     3
Dodge: Dodged            |    58 |   118 |   572 |   405 ||  1153
Block: Buckler           |       |       |       |    35 ||    35
